 Dungeon Crawl Stone Soup version 0.23-a0-808-gd21de94 (webtiles) character file.

134 tidbits the Charmwright (level 5, -1/43 HPs)
             Began as a Gnoll Skald on Jan 20, 2019.
             Killed by divine providence
             ... invoked by an orc priest
              (9 damage)
             ... on level 3 of the Dungeon.
             The game lasted 00:06:59 (697 turns).

tidbits the Charmwright (Gnoll Skald)                Turns: 697, Time: 00:07:00

Health: -1/43      AC:  5    Str: 13    XL:     5   Next: 17%
Magic:  10/12      EV: 14    Int: 16    God:
Gold:   63         SH:  0    Dex: 15    Spells: 3/14 levels left

rFire    + . .     SeeInvis .   a - +0 spear
rCold    . . .     Gourm    .   (no shield)
rNeg     . . .     Faith    .   B - +1 leather armour {rF+}
rPois    .         Spirit   .   E - +0 helmet (curse)
rElec    .         Reflect  .   (no cloak)
rCorr    +         Harm     .   (no gloves)
MR       .....                  (no boots)
Stlth    +.........             (no amulet)
HPRegen  0.14/turn              K - ring of resist corrosion
MPRegen  0.13/turn              (no ring)

@: drained
A: distributed training, fangs 1, strong nose
a: no special abilities


You were on level 3 of the Dungeon.
You were not hungry.

You visited 1 branch of the dungeon, and saw 3 of its levels.

You collected 63 gold pieces.

Inventory:

Hand Weapons
 a - a +0 spear (weapon)
 c - a +0 dagger
 l - a +0 flail
Missiles
 e - 5 tomahawks of dispersal (quivered) {!f}
Armour
 b - a +0 leather armour
 j - a +0 ring mail
 B - a +1 leather armour of fire resistance (worn)
   (You found it on level 1 of the Dungeon)
 E - a cursed +0 helmet (worn)
Jewellery
 K - a ring of resist corrosion (left hand)
   (You found it on level 1 of the Dungeon)
Scrolls
 i - a scroll of blinking {unknown}
 k - a scroll of immolation {unknown}
 t - a scroll of teleportation
Potions
 f - a potion of degeneration {unknown}
 g - a potion of haste
 h - a potion of lignification {unknown}
Comestibles
 d - 4 rations


   Skills:
 + Level 4.7(4.1) Fighting
 + Level 1.3(0.8) Short Blades
 + Level 1.3(0.8) Long Blades
 + Level 1.3(0.8) Axes
 + Level 1.3(0.8) Maces & Flails
 + Level 4.7(4.1) Polearms
 + Level 1.3(0.8) Staves
 + Level 1.3(0.8) Slings
 + Level 1.3(0.8) Bows
 + Level 1.3(0.8) Crossbows
 + Level 1.3(0.8) Throwing
 + Level 2.9(2.3) Armour
 + Level 4.7(4.1) Dodging
 + Level 1.3(0.8) Stealth
 + Level 1.3(0.8) Shields
 + Level 1.3(0.8) Unarmed Combat
 + Level 5.1(4.5) Spellcasting
 + Level 1.1(0.5) Conjurations
 + Level 1.1(0.5) Hexes
 + Level 5.5(4.9) Charms
 + Level 1.1(0.5) Summonings
 + Level 1.1(0.5) Necromancy
 + Level 1.1(0.5) Translocations
 + Level 1.1(0.5) Transmutations
 + Level 1.1(0.5) Fire Magic
 + Level 1.1(0.5) Ice Magic
 + Level 1.1(0.5) Air Magic
 + Level 1.1(0.5) Earth Magic
 + Level 1.1(0.5) Poison Magic
 + Level 1.5(0.9) Invocations
 + Level 1.3(0.8) Evocations


You had 3 spell levels left.
You knew the following spells:

 Your Spells              Type           Power        Failure   Level  Hunger
g - Shroud of Golubria    Chrm/Tloc      ##........   10%         2    ##.....
i - Infusion              Chrm           ###.         2%          1    None
r - Regeneration          Chrm/Necr      ##........   21%         3    ###....
w - Spectral Weapon       Hex/Chrm       ##......     21%         3    ###....
y - Song of Slaying       Chrm           ###.....     4%          2    ##.....

Your spell library contained the following spells:

 Spells                   Type           Power        Failure   Level  Hunger


Dungeon Overview and Level Annotations

Branches:
Dungeon (3/15)

Altars:
Wu Jian


Innate Abilities, Weirdness & Mutations

Your experience applies equally to all skills.
You have very sharp teeth.
Your uncanny sense of smell can sniff out nearby items.


Message History

Space distorts slightly along a thin shroud covering your body.
Attack whom?
Press: ? - help, Dir - move target cursor, f - orc
Aim: an orc, wielding a +0 flail You reach to attack!
Your leather armour prevents you from hitting the orc.
Your spectral weapon hits the orc from afar.
You closely miss the orc.
The orc is heavily wounded.
Your spectral weapon hits the orc.
The orc barely misses your spectral weapon.
You barely miss the orc.
The orc is severely wounded.
Your spectral weapon hits the orc.
You kill the orc!
Things that are here:
a +0 flail; an orc corpse
l - a +0 flail The orc shouts!
You hear a shout!
You hear an angry hiss.
An orc comes into view.
An orc comes into view. It is wielding a +0 club.
A kobold and an orc priest come into view.
The kobold shouts!
Found a notched ivory ring.
Unknown command.
You swap places.
You see here an orc corpse.
You swap places.
You see here an orc corpse.
Unknown command.
Unknown command.
You hit the orc.
The orc is heavily wounded.
Your shroud begins to fray at the edges.
Your spectral weapon closely misses the orc.
The orc misses you.
Unknown command.
You closely miss the orc. Your bite misses the orc.
The orc is heavily wounded.
Your spectral weapon hits the orc from afar.
You kill the orc!
You hit the kobold.
You kill the kobold!
You hit the orc.
The orc is heavily wounded.
Your spectral weapon hits the orc from afar.
The orc barely misses you.
You hit the orc but do no damage.
The orc is heavily wounded.
Your spectral weapon hits the orc from afar!
You kill the orc!
You hit the orc priest.
You bite the orc priest, but do no damage.
The orc priest is moderately wounded.
Your spectral weapon hits the orc priest from afar.
The orc priest barely misses you.
You hit the orc priest but do no damage.
The orc priest is moderately wounded.
Your spectral weapon hits the orc priest but does no damage.
The orc priest hits you with a +3 hand axe!
The orc misses you.
You hit the orc priest but do no damage.
The orc priest is moderately wounded.
Your shroud unravels.
Your spectral weapon hits the orc priest but does no damage.
The orc priest hits you with a +3 hand axe.
The orc hits you with a +1 falchion of draining.
You feel drained.
* * * LOW HITPOINT WARNING * * *
You hit the orc priest but do no damage.
The orc priest is moderately wounded.
Your spectral weapon hits the orc priest but does no damage.
The orc barely misses you.
The orc priest hits you with a +3 hand axe.
* * * LOW HITPOINT WARNING * * *
You hit the orc priest but do no damage.
You bite the orc priest, but do no damage.
The orc priest is moderately wounded.
Your spectral weapon hits the orc priest but does no damage.
You barely miss the orc priest.
The orc priest is moderately wounded.
Your spectral weapon hits the orc priest from afar.
The orc barely misses you. The orc priest misses you.
You hit the orc priest but do no damage.
The orc priest is heavily wounded.
Your spectral weapon hits the orc priest but does no damage.
The orc hits you with a +1 falchion of draining!
* * * LOW HITPOINT WARNING * * *
You feel drained.
* * * LOW HITPOINT WARNING * * *
The orc priest hits you with a +3 hand axe.
* * * LOW HITPOINT WARNING * * *
You hit the orc priest but do no damage.
You bite the orc priest, but do no damage.
The orc priest is heavily wounded.
Your spectral weapon hits the orc priest but does no damage.
The orc barely misses you.
The orc priest invokes the aid of Beogh against you.
Beogh smites you!
You die...

#......#..#.##
#......#>....=
#......#......
#$.......$..o.
#.............
#.............
#.........K...
#....oo#
#.(...@#
#.....(#
####...# #...#
#...# # #...##.#
#...'..#
#...####.#
......'...'....#


You could see an orc priest, an orc and a friendly spectral +0 spear.

Vanquished Creatures
  A hound (D:3)
  Robin (D:2)
  3 adders (D:2)
  An ooze (D:1)
  A worm (D:2)
  2 dart slugs (D:2)
  3 orcs (D:3)
  A ball python (D:2)
  2 giant cockroaches
  11 goblins
  10 hobgoblins
  2 jackals (D:1)
  A quokka (D:3)
  2 bats (D:2)
  8 kobolds
  A rat (D:2)
50 creatures vanquished.

Notes
Turn   | Place    | Note
-------+----------+-------------------------------------------
     0 | D:1      | tidbits the Gnoll Skald began the quest for the Orb.
     0 | D:1      | Reached XP level 1. HP: 20/20 MP: 6/6
    20 | D:2      | Reached XP level 2. HP: 22/26 MP: 1/7
    24 | D:2      | Learned a level 2 spell: Shroud of Golubria
    27 | D:2      | Learned a level 2 spell: Song of Slaying
   210 | D:1      | Reached XP level 3. HP: 24/31 MP: 5/9
   215 | D:1      | Learned a level 3 spell: Spectral Weapon
   233 | D:1      | Reached skill level 5 in Spellcasting
   343 | D:2      | Reached skill level 1 in Invocations
   389 | D:2      | Reached skill level 1 in Short Blades
   389 | D:2      | Reached skill level 1 in Long Blades
   389 | D:2      | Reached skill level 1 in Axes
   389 | D:2      | Reached skill level 1 in Maces & Flails
   389 | D:2      | Reached skill level 1 in Staves
   389 | D:2      | Reached skill level 1 in Slings
   389 | D:2      | Reached skill level 1 in Bows
   389 | D:2      | Reached skill level 1 in Crossbows
   389 | D:2      | Reached skill level 1 in Throwing
   389 | D:2      | Reached skill level 1 in Stealth
   389 | D:2      | Reached skill level 1 in Shields
   389 | D:2      | Reached skill level 1 in Unarmed Combat
   389 | D:2      | Reached skill level 1 in Evocations
   394 | D:2      | Reached XP level 4. HP: 24/38 MP: 8/11
   465 | D:3      | Noticed a water moccasin
   486 | D:2      | Learned a level 3 spell: Regeneration
   514 | D:2      | Noticed Robin
   531 | D:2      | Killed Robin
   546 | D:2      | Reached skill level 1 in Conjurations
   546 | D:2      | Reached skill level 1 in Hexes
   546 | D:2      | Reached skill level 1 in Summonings
   546 | D:2      | Reached skill level 1 in Necromancy
   546 | D:2      | Reached skill level 1 in Translocations
   546 | D:2      | Reached skill level 1 in Transmutations
   546 | D:2      | Reached skill level 1 in Fire Magic
   546 | D:2      | Reached skill level 1 in Ice Magic
   546 | D:2      | Reached skill level 1 in Air Magic
   546 | D:2      | Reached skill level 1 in Earth Magic
   546 | D:2      | Reached skill level 1 in Poison Magic
   575 | D:2      | Found an ornate altar of the Wu Jian Council.
   601 | D:3      | Reached XP level 5. HP: 20/43 MP: 7/12
   697 | D:3      | Killed from afar by an orc priest

Vault maps used:
D:1:      dpeg_arrival_water_fire
D:2:      lemuel_doored_altar, minmay_misc_feat_square, uniq_robin
D:3:      first_ration, palyth_stone_intersect

Skill      XL: |  1  2  3  4 |
---------------+-------------+-----
Spellcasting   | 5 |  5.1
Invocations    | 1 |  1.5
Short Blades   | 1 |  1.3
Long Blades    | 1 |  1.3
Axes           | 1 |  1.3
Maces & Flails | 1 |  1.3
Staves         | 1 |  1.3
Slings         | 1 |  1.3
Bows           | 1 |  1.3
Crossbows      | 1 |  1.3
Throwing       | 1 |  1.3
Stealth        | 1 |  1.3
Shields        | 1 |  1.3
Unarmed Combat | 1 |  1.3
Evocations     | 1 |  1.3
Conjurations   | 1 |  1.1
Hexes          | 1 |  1.1
Summonings     | 1 |  1.1
Necromancy     | 1 |  1.1
Translocations | 1 |  1.1
Transmutations | 1 |  1.1
Fire Magic     | 1 |  1.1
Ice Magic      | 1 |  1.1
Air Magic      | 1 |  1.1
Earth Magic    | 1 |  1.1
Poison Magic   | 1 |  1.1
Fighting       | |  4.7
Polearms       | |  4.7
Armour         | |  2.9
Dodging        | |  4.7
Charms         | |  5.5

Action                   |  1- 3 |  4- 6 || total
-------------------------+-------+-------++-------
Melee: Spear             |    58 |    66 ||   124
       Bite              |     5 |     8 ||    13
 Cast: Infusion          |     4 |       ||     4
       Spectral Weapon   |     3 |     6 ||     9
       Shroud of Golubri |     1 |     3 ||     4
       Regeneration      |       |     1 ||     1
  Use: Potion            |     1 |       ||     1
       Scroll            |       |     2 ||     2
 Stab: Sleeping          |     3 |       ||     3
  Eat: Ration            |     1 |       ||     1
Armor: Leather armour    |     8 |     9 ||    17
Dodge: Dodged            |    26 |    26 ||    52

Table legend:
 A = Non-vault XP
 B = Vault XP
 C = Vault XP percentage of total XP
 D = Non-vault monster count
 E = Vault monster count
 F = Vault count percentage of total count
                 A         B        C        D         E       F
            +---------+---------+-------+---------+---------+-------
      Total |     157 |      35 |  18.2 |      39 |      11 |  22.0
            +---------+---------+-------+---------+---------+-------
        D:1 |      24 |       0 |   0.0 |      10 |       0 |   0.0
        D:2 |      81 |      35 |  30.2 |      23 |      11 |  32.4
        D:3 |      52 |       0 |   0.0 |       6 |       0 |   0.0
            +---------+---------+-------+---------+---------+-------

Table legend:
 A = Turns spent in this place as a percentage of turns spent in the entire game.
 B = Non-inter-level travel turns spent in this place as a percentage of non-inter-level travel turns spent in the entire game.
 C = Inter-level travel turns spent in this place as a percentage of turns spent in this place.
 D = Turns resting spent in this place as a percentage of non-inter-level travel turns spent in this place.
 E = Turns spent auto-exploring this place as a percentage of non-inter-level travel turns spent in this place.
 F = Non-inter-level travel turns spent in this place divided by the number of levels of this place that you've seen.
                   A       B       C       D       E      F
               +-------+-------+-------+-------+-------+----------------------
         Total | 100.0 | 100.0 |   7.6 |   0.0 |   0.0 | 214.7
       Dungeon | 100.0 | 100.0 |   7.6 |   0.0 |   0.0 | 214.7
               +-------+-------+-------+-------+-------+----------------------

Table legend:
 A = Kills in this place as a percentage of kills in entire the game.
 B = Kills by you in this place as a percentage of kills by you in the entire game.
 C = Kills by friends in this place as a percentage of kills by friends in the entire game.
 D = Other kills in this place as a percentage of other kills in the entire game.
 E = Experience gained in this place as a percentage of experience gained in the entire game.
 F = Experience gained in this place divided by the number of levels of this place that you have seen.
                   A       B       C       D       E      F
               +-------+-------+-------+-------+-------+----------------------
         Total | 100.0 | 100.0 |   N/A |   N/A | 100.0 |  64.0
       Dungeon | 100.0 | 100.0 |   N/A |   N/A | 100.0 |  64.0
               +-------+-------+-------+-------+-------+----------------------

Vault maps used:
D:1:      dpeg_arrival_water_fire
D:2:      lemuel_doored_altar, minmay_misc_feat_square, uniq_robin
D:3:      first_ration, palyth_stone_intersect
